 Dungeon Crawl Stone Soup version 0.20-a0-993-gba41c3c (webtiles) character file.

131 Alarkh the Insei (level 4, -4/33 HPs)
             Began as a Demonspawn Transmuter on Apr 11, 2017.
             Slain by claquette's ghost (16 damage)
             ... on level 3 of the Dungeon.
             The game lasted 00:03:18 (2419 turns).

Alarkh the Insei (Demonspawn Transmuter)            Turns: 2419, Time: 00:03:18

Health: -4/33      AC:  6    Str: 11    XL:     4   Next: 91%
Magic:  7/7        EV: 14    Int: 15    God:
Gold:   175        SH:  0    Dex: 13    Spells: 1/7 levels left

rFire    . . .     SeeInvis .     - Unarmed
rCold    . . .     Gourm    .   (no shield)
rNeg     . . .     Faith    .   b - +0 robe
rPois    .         Spirit   .   (helmet restricted)
rElec    .         Reflect  .   u - +0 cloak
rCorr    .         Harm     .   (no gloves)
MR       .....                  f - +1 pair of boots
Stlth    +.........             r - amulet of regeneration
Regen    0.6/turn               (no ring)
MPRegen  0.1/turn               (no ring)

@: no status effects
A: claws 1, horns 1, repulsion field 1, shaggy fur 1, subdued magic 1
a: no special abilities


You were on level 3 of the Dungeon.
You were not hungry.

You visited 1 branch of the dungeon, and saw 3 of its levels.

You collected 175 gold pieces.

Inventory:

Missiles
 a - 24 arrows
Armour
 b - a +0 robe (worn)
 f - a +1 pair of boots (worn)
 u - a +0 cloak (worn)
Jewellery
 r - an amulet of regeneration (around neck)
Scrolls
 e - a scroll of identify
 g - a scroll of blinking
 h - a scroll of fog
 i - 4 scrolls of teleportation
 k - a scroll of recharging {unknown}
Potions
 l - a potion of haste
 s - a potion of agility
 t - a potion of curing {unknown}
Books
 c - a book of Changes

   Spells                             Type                      Level
   a - Beastly Appendage              Transmutation                1
   b - Sticks to Snakes               Transmutation                2
   c - Spider Form                    Transmutation/Poison         3
   d - Ice Form                       Ice/Transmutation            4
   e - Blade Hands                    Transmutation                5
Comestibles
 d - 3 bread rations
 j - 2 chunks of flesh
 m - 4 royal jellies
 n - 2 meat rations
 w - a fruit


   Skills:
 + Level 2.0 Fighting
 + Level 2.1 Dodging
 * Level 7.4 Unarmed Combat
 - Level 2.0 Spellcasting
 - Level 1.7 Transmutations


You had one spell level left.
You knew the following spells:

 Your Spells              Type           Power        Failure   Level  Hunger
a - Beastly Appendage     Tmut           #.....       10%         1    #......
b - Sticks to Snakes      Tmut           #.......     14%         2    ###....
c - Spider Form           Tmut/Pois      #.........   52%         3    ###....


Dungeon Overview and Level Annotations

Branches:
Dungeon (3/15)

Altars:
Xom
Yredelemnul

Annotations:
D:3 claquette's ghost, amateur TrMo


Innate Abilities, Weirdness & Mutations

You have sharp fingernails.
You are surrounded by a mild repulsion field. (EV +2)
You have a pair of small horns on your head.
You are covered in fur. (AC +1)
Your spells are a little easier to cast, but a little less powerful.


Message History

k - a scroll labeled ISO DUPLUS You now have 175 gold pieces (gained 13).
There is an open door here.
A bat comes into view.
A bat is nearby!
Okay, then.
Claquette's ghost turns its malevolent gaze towards you.
The bat barely misses you.
You see here a curare-tipped needle.
The bat barely misses you. The bat hits you but does no damage.
You scratch the bat.
You kill the bat!
Your Fighting skill increases to level 2!
Claquette's ghost hits you!
You claw claquette's ghost!
Claquette's ghost is lightly damaged.
Claquette's ghost hits you!
Okay, then.
Claquette's ghost hits you!
You die...

##.....#....##.##....#.....#
##......#......♣......#.....#
#.......#.............#.....>
#.......#.............#......
#.......#.............#......
#.......###############....#.
#....)......(....# ##.....#.
#.."....÷(..W....# #..#####.
##..>.......@....####.## #.
##.....##..........#.# #.
############......#.# #.
#........# #. #......### ##
#......# #......# #......#
########


You could see claquette's ghost.

Vanquished Creatures
  A gnoll (D:1)
  2 adders
  2 oozes
  4 worms
  A dart slug (D:2)
  A leopard gecko (D:3)
  An orc (D:3)
  A giant cockroach (D:3)
  9 goblins
  6 hobgoblins
  9 jackals
  6 kobolds
  A quokka (D:2)
  2 ball pythons
  7 bats
  4 frilled lizards
  8 rats
65 creatures vanquished.

Notes
Turn   | Place    | Note
-------+----------+-------------------------------------------
     0 | D:1      | Alarkh the Demonspawn Transmuter began the quest for the Orb.
     0 | D:1      | Reached XP level 1. HP: 15/15 MP: 3/3
   256 | D:1      | Gained mutation: You have a pair of small horns on your head. [potion of mutation]
   256 | D:1      | Gained mutation: Your spells are a little easier to cast, but a little less powerful. [potion of mutation]
   256 | D:1      | Gained mutation: You are covered in fur. (AC +1) [potion of mutation]
   257 | D:1      | Reached skill level 7 in Unarmed Combat
   257 | D:1      | Gained mutation: You are surrounded by a mild repulsion field. (EV +2) [demonic ancestry]
   257 | D:1      | Reached XP level 2. HP: 21/21 MP: 5/5
   265 | D:1      | Reached XP level 3. HP: 16/26 MP: 6/6
  1247 | D:2      | Gained mutation: You have sharp fingernails. [demonic ancestry]
  1247 | D:2      | Reached XP level 4. HP: 32/32 MP: 7/7
  1255 | D:2      | Found a shimmering altar of Xom.
  1434 | D:2      | Found a basalt altar of Yredelemnul.
  1982 | D:3      | Learned a level 2 spell: Sticks to Snakes
  1986 | D:3      | Learned a level 3 spell: Spider Form
  2066 | D:3      | Noticed claquette's ghost (amateur TrMo)
  2419 | D:3      | Slain by claquette's ghost

Vault maps used:
D:1:      minmay_arrival_wavy_path
D:2:      yredelemnul_altar_generic, lemuel_round_altar, first_bread
D:3:      nicolae_gozag_seed_capital, kennysheep_generic_room_2

Skill      XL: |  1  2  3  4 |
---------------+-------------+-----
Unarmed Combat | 7 |  7.4
Dodging        | 2 |  2.1
Fighting       | 2 |  2.0
Spellcasting   | |  2.0
Transmutations | |  1.7

Action                   |  1- 3 |  4- 6 || total
-------------------------+-------+-------++-------
Melee: Unarmed           |    82 |    83 ||   165
       Headbutt          |     7 |    11 ||    18
       Punch             |     2 |     5 ||     7
  Use: Potion            |     2 |     2 ||     4
       Scroll            |     4 |     7 ||    11
 Stab: Sleeping          |     1 |       ||     1
  Eat: Chunk             |       |     5 ||     5
Armor: Robe              |    20 |    14 ||    34
Dodge: Dodged            |    64 |    52 ||   116
